 Dungeon Crawl Stone Soup version 0.18.1-48-g4cf74bf (webtiles) character file.

74939 Peloso the Peltast (level 15, -2/138 HPs)
             Began as a Minotaur Fighter on Aug 7, 2016.
             Was the Champion of Okawaru.
             Killed by angry trees
             ... awakened by a young spriggan druid
              (8 damage)
             ... on level 8 of the Lair of Beasts.
             The game lasted 01:12:24 (21692 turns).

Peloso the Peltast (Minotaur Fighter)              Turns: 21692, Time: 01:12:24

Health: -2/138     AC: 27    Str: 30    XL:     15   Next: 8%
Magic:  13/13      EV: 17    Int:  3    God:    Okawaru [******]
Gold:   1639       SH: 16    Dex: 20    Spells: 1 memorised, 6 levels left

rFire  . . .     SeeInvis .     s - +2 demon blade (flame)
rCold  + . .     Gourm    .     m - +8 chain mail of Vanity {rC+}
rNeg   + . .     Faith    +     c - +0 shield
rPois  .         Spirit   .     W - +0 hat of Tartarus {-Tele *Corrode rN+ MR++}
rElec  .         Dismiss  .     n - +1 cloak
rCorr  .         Reflect  .     e - +1 pair of gloves {Dex+3}
SustAt .         Harm     .     B - +0 pair of boots
MR     +++..     NoTele   +     x - amulet of faith
Stlth  ..........               d - +5 ring of strength
                                I - +5 ring of dexterity

@: extremely resistant to hostile enchantments, extremely unstealthy
A: retaliatory headbutt, horns 2, dopey 1, low mp 1
a: Heroism, Finesse, Renounce Religion


You were on level 8 of the Lair of Beasts.
You worshipped Okawaru.
Okawaru was exalted by your worship.
You were not hungry.

You visited 3 branches of the dungeon, and saw 21 of its levels.
You also visited: Labyrinth.

You collected 1639 gold pieces.

Inventory:

Hand Weapons
 a - a +1 long sword
 s - a +2 demon blade of flaming (weapon)
 H - the +1 dagger "Luipp" {flame, Int+6 SInv, unknown}
   (Okawaru gifted it to you on level 7 of the Lair of Beasts)

   It has been specially enchanted to burn those struck by it, causing extra
   injury to most foes and up to half again as much damage against particularly
   susceptible opponents.
   It affects your intelligence (+6).
   It lets you see invisible.
Armour
 c - a +0 shield (worn)
 e - a +1 pair of gloves of dexterity (worn)
 m - the +8 chain mail of Vanity (worn) {rC+}
   (You found it on level 9 of the Dungeon)

   It protects you from cold.
 n - a +1 cloak (worn)
 B - a +0 pair of boots (worn)
 W - the +0 hat of Tartarus (worn) {-Tele *Corrode rN+ MR++}
   (Okawaru gifted it to you on level 1 of the Lair of Beasts)

   It protects you from negative energy.
   It affects your resistance to hostile enchantments.
   It prevents most forms of teleportation.
   It may corrode you when you take damage.
Jewellery
 d - a +5 ring of strength (right hand)
 g - an uncursed ring of resist corrosion
 j - an uncursed ring of protection from cold
 q - an uncursed ring of protection from fire
 x - an amulet of faith (around neck)
 y - an uncursed amulet of guardian spirit
 E - the ring "Hudgh" {+Fly rPois MR++}
   (You found it in a labyrinth)

   [ring of flight]

   It protects you from poison.
   It affects your resistance to hostile enchantments.
   It lets you fly.
 I - a +5 ring of dexterity (left hand)
Wands
 z - a wand of flame (14/48)
 K - a wand of hasting (9/9)
 V - a wand of disintegration (11/24)
Scrolls
 h - 6 scrolls of identify
 l - 3 scrolls of enchant weapon
 o - 3 scrolls of recharging
 p - 2 scrolls of remove curse
 t - 10 scrolls of teleportation
 u - 2 scrolls of blinking
 D - 4 scrolls of fear
 F - 4 scrolls of enchant armour
 T - a scroll of brand weapon
Potions
 b - 2 potions of agility
 i - 10 potions of curing
 C - 2 potions of flight
 G - a potion of haste
 N - 2 potions of ambrosia
Books
 v - a Necronomicon

   Spells                             Type                      Level
   a - Haunt                          Necromancy/Summoning         7
   b - Borgnjor's Revivification      Necromancy                   8
   c - Death's Door                   Charms/Necromancy            8
   d - Necromutation                  Transmutation/Necromancy     8
Comestibles
 f - 15 bread rations
 k - 14 fruits
 r - 9 chunks of flesh
 w - 3 beef jerkies
 A - a slice of pizza
 M - 11 meat rations
 U - 8 royal jellies


   Skills:
 + Level 14.2 Fighting
 + Level 15.5 Long Blades
 + Level 13.0 Armour
 + Level 9.7 Dodging
 + Level 2.0 Stealth
 + Level 16.8 Shields
 + Level 0.1 Spellcasting
 + Level 1.7 Invocations
 + Level 0.6 Evocations


You had 6 spell levels left.
You knew the following spells:

 Your Spells              Type           Power        Failure   Level  Hunger
a - Necromutation         Trmt/Necr      #.........   100%        8    #######


Dungeon Overview and Level Annotations

Branches:
Dungeon (12/15)            Temple (1/1) D:6            Lair (8/8) D:11
  Swamp (0/4) Lair:3        Snake (0/4) Lair:6        Slime (0/6) Lair:6
    Orc (0/2) D:12

Altars:
Ashenzari
Cheibriados
Dithmenos
Elyvilon
Fedhas
Gozag
Kikubaaqudgha
Makhleb
Nemelex Xobeh
Okawaru
Pakellas
Qazlal
Ru
Sif Muna
Trog
Vehumet
Xom
Yredelemnul
Zin
The Shining One
Jiyva


Innate Abilities, Weirdness & Mutations

You reflexively headbutt those who attack you in melee.
You have a pair of horns on your head.
You are dopey. (Int -2)
Your magical capacity is low (-10% MP).


Message History

You feel much better. A root lunges up near you.
The elephant barely misses you.
The elephant trunk-slaps you but does no damage.
You hit the elephant. You burn the elephant.
You headbutt the elephant, but do no damage.
The elephant is almost dead.
A tree reaches out and hits you!
* * * LOW HITPOINT WARNING * * *
The young spriggan druid calls out to the beasts of the wild!
You block the elephant's attack. x2
You slash the elephant! You burn the elephant.
You kill the elephant!
Okawaru accepts your kill.
Unknown command.
A root smacks you from below.
* * * LOW HITPOINT WARNING * * *
Things that are here:
a wolf corpse x2
A root smacks you from below.
You die...

#.PP.P.....#.#.
###..P...........
#.#.........†....
##..........†.†...
#..............♣..
#.#....P...♣♣♣♣♣♣♣
♣.†#.PP#♣.♣♣
♣..#♣##♣♣♣♣ ♣♣♣@♣♣
♣♣♣♣h†♣♣ ♣†h)♣♣♣
♣...Yi♣♣♣♣ .♣♣♣♣


You could see an elephant, a young spriggan druid and 2 black bears.

Vanquished Creatures
  Rupert (Lair:4)
  Kirke (Lair:5)
  Maud (Lair:5)
  A minotaur (Lab)
  Fannar (D:10)
  The ghost of baghtru the Cleaver, a journeyman HOFi of Okawaru (Lair:3)
  Harold (D:12)
  6 hydras
  An ice dragon (D:10)
  Erica (D:11)
  The ghost of Sneal the Spear-Bearer, a journeyman MfIE of Yredelemnul (D:11)
  7 death yaks
  The ghost of Agor the Slinger, a journeyman SpWr of Gozag (D:11)
  Sonja (Lair:4)
  An unseen horror (D:9)
  5 hill giants
  Pikel (D:8)
  A necromancer (Lair:5)
  An oklob plant (Lair:5)
  A griffon (Lair:7)
  A deep elf mage (D:12)
  3 centaur zombies
  2 cyclopes (D:12)
  25 elephants
  6 black mambas
  Joseph (D:8)
  2 torpor snails
  4 spiny frogs
  Maurice (D:8)
  5 komodo dragons
  A rime drake (Lair:8)
  An efreet (D:11)
  3 kobold demonologists (D:12)
  A queen bee (Lair:7)
  5 trolls
  4 polar bears
  The ghost of Doomgape the Shooter, an amateur DgHu (D:4)
  3 two-headed ogres
  5 slime creatures (D:12)
  15 blink frogs
  Sigmund (D:2)
  4 redbacks
  3 spriggans
  2 hogs (Lair:5)
  44 yaks
  A wyvern (D:9)
  8 hippogriffs
  13 hungry ghosts
  7 basilisks
  2 nagas (Lair:6)
  A warg (D:12)
  A soldier ant (D:10)
  2 hell hounds (D:11)
  19 water moccasins
  3 orc warriors
  11 porcupines
  An eye of draining (D:12)
  2 slaves (D:8)
  6 black bears
  5 sky beasts
  2 necrophages
  3 phantoms
  2 wasps (Lair:8)
  14 wolves
  9 ogres
  15 crocodiles
  3 centaurs
  19 big kobolds
  A wyvern zombie (D:12)
  16 giant frogs
  A wyvern skeleton (D:11)
  3 scorpions
  15 killer bees (Lair:7)
  6 wights
  5 howler monkeys
  An electric eel (Lair:3)
  7 crimson imps
  A giant frog zombie (D:11)
  3 quasits
  15 jellies
  2 centaur skeletons
  3 giant frog skeletons
  3 hounds
  8 orc wizards
  A gnoll shaman (D:7)
  9 orc priests
  7 iguanas
  Terence (D:2)
  Natasha (twice) (D:3)
  11 worker ants
  2 yak simulacra (Lair:5)
  2 polar bear simulacra (Lair:5)
  36 sheep
  4 wolf simulacra (Lair:5)
  A hound skeleton (D:5)
  A howler monkey zombie (D:8)
  13 gnolls
  15 adders
  26 river rats
  A shadow imp (D:6)
  An ooze (Lair:6)
  An adder skeleton (D:8)
  2 worms
  2 dart slugs (D:1)
  5 giant geckos
  38 orcs
  5 bats
  6 giant cockroaches
  11 goblins
  6 hobgoblins
  4 jackals
  30 kobolds
  5 quokkas
  A ball python (D:1)
  6 giant newts
  A goblin skeleton (D:5)
  A goblin zombie (D:5)
  A hobgoblin zombie (D:5)
  3 kobold skeletons (D:5)
  An orc skeleton (D:5)
  3 orc zombies (D:5)
  7 rats
  3 river rat simulacra (Lair:5)
  A fungus (D:1)
  12 plants
705 creatures vanquished.

Vanquished Creatures (others)
  4 humans (Lair:5)
  A giant frog (D:8)
  An orc wizard (D:9)
  A sheep (Lair:5)
  A river rat (Lair:5)
  A jackal (D:8)
  A bush (D:10)
  3 fungi (Lair:7)
  A plant (Lair:7)
14 creatures vanquished.

Grand Total: 719 creatures vanquished

Notes
Turn   | Place    | Note
--------------------------------------------------------------
     0 | D:1      | Peloso the Minotaur Fighter began the quest for the Orb.
     0 | D:1      | Reached XP level 1. HP: 19/19 MP: 0/0
   107 | D:1      | Reached XP level 2. HP: 27/27 MP: 1/1
   117 | D:1      | Reached skill level 4 in Shields
   421 | D:1      | Reached XP level 3. HP: 33/33 MP: 2/2
   872 | D:2      | Noticed Sigmund
   878 | D:2      | Killed Sigmund
   878 | D:2      | Reached skill level 1 in Dodging
   878 | D:2      | Reached skill level 5 in Shields
   878 | D:2      | Reached XP level 4. HP: 31/41 MP: 3/3
   878 | D:2      | Reached XP level 5. HP: 35/47 MP: 4/4
  1031 | D:2      | Reached skill level 5 in Fighting
  1177 | D:2      | Noticed Terence
  1187 | D:2      | Killed Terence
  1187 | D:2      | Reached skill level 5 in Armour
  1566 | D:3      | Noticed Natasha
  1585 | D:3      | Killed Natasha
  1585 | D:3      | Reached XP level 6. HP: 56/56 MP: 5/5
  1620 | D:3      | Found an ancient bone altar of Kikubaaqudgha.
  1919 | D:4      | Found a snail-covered altar of Cheibriados.
  1920 | D:4      | Found a glowing silver altar of Zin.
  1927 | D:4      | Found a glowing golden altar of the Shining One.
  1995 | D:4      | Found a basalt altar of Yredelemnul.
  1995 | D:4      | Found an opulent altar of Gozag.
  2069 | D:4      | Reached skill level 6 in Shields
  2588 | D:4      | Reached XP level 7. HP: 53/61 MP: 6/6
  2614 | D:4      | Noticed Doomgape's ghost (amateur DgHu)
  2723 | D:3      | Noticed Natasha
  2727 | D:3      | Killed Natasha
  2891 | D:4      | Killed Doomgape's ghost
  2891 | D:4      | Reached skill level 7 in Shields
  3373 | D:5      | Entered Level 5 of the Dungeon
  3538 | D:5      | Reached XP level 8. HP: 71/71 MP: 7/7
  3577 | D:5      | Found a glowing golden altar of the Shining One.
  3908 | D:5      | Noticed a two-headed ogre
  3921 | D:5      | Killed a two-headed ogre
  3921 | D:5      | Reached skill level 5 in Long Blades
  4251 | D:6      | Reached skill level 8 in Shields
  4999 | D:6      | Reached skill level 1 in Stealth
  5040 | D:6      | Found a staircase to the Ecumenical Temple.
  5199 | D:6      | Reached XP level 9. HP: 74/77 MP: 8/8
  5331 | D:6      | Reached skill level 5 in Dodging
  6089 | D:7      | Reached skill level 9 in Shields
  6729 | Temple   | Entered the Ecumenical Temple
  6760 | Temple   | Became a worshipper of Warmaster Okawaru
  6988 | D:8      | Noticed Pikel
  7036 | D:8      | Noticed Maurice
  7042 | D:8      | Killed Pikel
  7042 | D:8      | Reached * piety under Okawaru
  7042 | D:8      | Reached skill level 10 in Shields
  7067 | D:8      | Killed Maurice
  7067 | D:8      | Reached ** piety under Okawaru
  7067 | D:8      | Reached XP level 10. HP: 82/86 MP: 7/9
  7138 | D:8      | Noticed Joseph
  7162 | D:8      | Killed Joseph
  7673 | D:8      | Reached *** piety under Okawaru
  7855 | D:8      | Found a white marble altar of Elyvilon.
  7857 | D:8      | Found a shattered altar of Ashenzari.
  8095 | D:9      | Reached skill level 11 in Shields
  8133 | D:9      | Reached **** piety under Okawaru
  8647 | D:9      | Got a scorched chain mail
  8713 | D:9      | Killed an unseen horror
  8728 | D:9      | Identified the +8 chain mail of Vanity {rC+} (You found it on level 9 of the Dungeon)
  8975 | D:9      | Reached XP level 11. HP: 40/95 MP: 5/10
  9496 | D:10     | Entered Level 10 of the Dungeon
  9519 | D:10     | Reached skill level 10 in Armour
  9753 | D:10     | Noticed Fannar
  9792 | D:10     | Killed Fannar
 10081 | D:10     | Noticed an ice dragon
 10154 | D:10     | Reached skill level 10 in Long Blades
 10170 | D:10     | Reached skill level 12 in Shields
 10605 | D:10     | Killed an ice dragon
 10605 | D:10     | Reached ***** piety under Okawaru
 10832 | D:10     | Reached skill level 10 in Fighting
 11054 | D:11     | Noticed Agor's ghost (journeyman SpWr)
 11120 | D:11     | Noticed Sneal's ghost (journeyman MfIE)
 11219 | D:11     | Killed Agor's ghost
 11234 | D:11     | Killed Sneal's ghost
 11234 | D:11     | Reached skill level 1 in Invocations
 11291 | D:11     | Noticed Erica
 11304 | D:11     | Killed Erica
 11304 | D:11     | Received a gift from Okawaru
 11333 | D:11     | Noticed a hill giant
 11621 | D:11     | Reached skill level 13 in Shields
 11692 | D:11     | Found a shimmering altar of Xom.
 11798 | D:11     | Reached XP level 12. HP: 99/105 MP: 10/12
 11803 | D:11     | Found a staircase to the Lair.
 12478 | D:12     | Found a staircase to the Orcish Mines.
 12621 | D:12     | Gained mutation: Your magical capacity is low (-10% MP). [a neqoxec]
 12765 | D:12     | Noticed Harold
 12781 | D:12     | Killed Harold
 12796 | D:12     | Received a gift from Okawaru
 13402 | D:12     | Reached skill level 14 in Shields
 13711 | Lair:1   | Entered Level 1 of the Lair of Beasts
 14019 | Lair:1   | Reached XP level 13. HP: 98/117 MP: 11/11
 14237 | Lair:1   | Received a gift from Okawaru
 14240 | Lair:1   | Got a faintly humming hat {god gift}
 14246 | Lair:1   | Identified the +0 hat of Tartarus {-Tele *Corrode rN+ MR++} (Okawaru gifted it to you on level 1 of the Lair of Beasts)
 15856 | Lair:3   | Noticed baghtru's ghost (journeyman HOFi)
 15873 | Lair:3   | Killed baghtru's ghost
 16032 | Lair:3   | Found a staircase to the Swamp.
 16209 | Lair:3   | Got a faintly humming plate armour
 16220 | Lair:3   | Identified the cursed +0 plate armour of Freedom {-Cast rCorr Str+3} (You found it on level 3 of the Lair of Beasts)
 16223 | Lair:3   | Identified a scroll of acquirement
 16314 | Lair:3   | Reached skill level 15 in Shields
 17075 | Lair:4   | Noticed Sonja
 17081 | Lair:4   | Killed Sonja
 17511 | Lair:4   | Noticed Rupert
 17521 | Lair:4   | Killed Rupert
 17521 | Lair:4   | Reached ****** piety under Okawaru
 17746 | Lair:5   | Received a gift from Okawaru
 18010 | Lair:5   | Noticed Maud
 18010 | Lair:5   | Noticed Kirke
 18025 | Lair:5   | Killed Kirke
 18025 | Lair:5   | Received a gift from Okawaru
 18025 | Lair:5   | Reached XP level 14. HP: 109/129 MP: 10/12
 18036 | Lair:5   | Killed Maud
 18816 | Lair:5   | Learned a level 8 spell: Necromutation
 18865 | Lair:5   | Gained mutation: You are dopey. (Int -2) [mutagenic glow]
 18976 | Lair:6   | Found a staircase to the Snake Pit.
 19138 | Lair:6   | Found a runed door.
 19139 | Lair:6   | Found a viscous altar of Jiyva.
 19140 | Lair:6   | Found a staircase to the Slime Pits.
 19247 | Lair:6   | Found a runed door.
 19253 | Lair:6   | Received a gift from Okawaru
 19266 | Lair:6   | Got a slimy chain mail {god gift}
 19289 | Lair:6   | Identified the +0 chain mail "Xanno" {rC+ rN+ MP+9 Dex-3} (Okawaru gifted it to you on level 6 of the Lair of Beasts)
 19340 | Lair:6   | Reached skill level 16 in Shields
 19749 | Lair:7   | Found a labyrinth entrance.
 19802 | Lab      | Entered a labyrinth
 20368 | Lab      | Reached skill level 15 in Long Blades
 20371 | Lab      | Got a sparkling turquoise ring
 20377 | Lab      | Identified the ring "Hudgh" {+Fly rPois MR++} (You found it in a labyrinth)
 21391 | Lair:7   | Received a gift from Okawaru
 21397 | Lair:7   | Got a translucent dagger {god gift}
 21465 | Lair:8   | Entered Level 8 of the Lair of Beasts
 21593 | Lair:8   | Reached XP level 15. HP: 84/138 MP: 13/13
 21691 | Lair:8   | HP: 5/138 [young spriggan druid/angry trees (8)]
 21692 | Lair:8   | Killed from afar by a young spriggan druid

Skill      XL: |  1  2  3  4  5  6  7  8  9 10 11 12 13 14 15 |
---------------+----------------------------------------------+-----
Fighting       | 4 5 6 7 8 9 10 11 13 14 | 14.2
Shields        | 4 5 6 7 8 10 11 13 14 15 16 | 16.8
Long Blades    | 3 4 5 7 9 10 12 14 15 | 15.5
Armour         | 4 5 6 7 8 9 10 11 12 13 | 13.0
Dodging        | 1 2 4 5 6 7 8 9 |  9.7
Stealth        | 1 2 |  2.0
Invocations    | 1 |  1.7
Spellcasting   | |  0.1
Evocations     | |  0.6

Action                   |  1- 3 |  4- 6 |  7- 9 | 10-12 | 13-15 || total
-------------------------+-------+-------+-------+-------+-------++-------
Melee: Long sword        |    60 |   143 |   392 |   662 |       ||  1257
       Headbutt          |    11 |    27 |    84 |   206 |   314 ||   642
       Unarmed           |       |       |       |     1 |       ||     1
       Scimitar          |       |       |       |   207 |       ||   207
       Demon blade       |       |       |       |   140 |   944 ||  1084
Invok: Heroism           |       |       |     1 |    13 |     3 ||    17
Evoke: Wand              |       |       |     1 |       |     3 ||     4
  Use: Scroll            |       |       |     8 |    16 |     8 ||    32
       Potion            |       |       |     1 |     2 |     2 ||     5
  Eat: Chunk             |       |     4 |    15 |    26 |    23 ||    68
       Pizza             |       |       |     1 |       |     1 ||     2
       Fruit             |       |       |       |     4 |     3 ||     7
       Beef jerky        |       |       |       |     1 |     1 ||     2
       Royal jelly       |       |       |       |     1 |       ||     1
Armor: Scale mail        |    25 |    62 |   118 |       |       ||   205
       Plate armour      |       |       |    44 |   186 |       ||   230
       Chain mail        |       |       |    21 |   295 |   362 ||   678
Dodge: Dodged            |    20 |    43 |   156 |   286 |   491 ||   996
Block: Shield            |    37 |    96 |   249 |   591 |   788 ||  1761
